 Dungeon Crawl Stone Soup version 0.27.1 (webtiles) character file.

Game seed: 13339165735926832268

2 ephall00 the Ogre Mage (level 1, 0/16 HPs)
             Began as an Ogre Hedge Wizard on Aug 28, 2021.
             Slain by a dart slug (1 damage)
             ... on level 1 of the Dungeon.
             The game lasted 00:05:16 (140 turns).

ephall00 the Ogre Mage (Ogre Hedge Wizard)           Turns: 140, Time: 00:05:19

Health: 0/16       AC:  3    Str: 13    XL:     1   Next: 40%
Magic:  5/5        EV:  9    Int: 15    God:
Gold:   0          SH:  0    Dex:  8    Spells: 6/7 levels left

rFire    . . .     SeeInvis .   a - +0 dagger
rCold    . . .     Faith    .   (no shield)
rNeg     . . .     Spirit   .   b - +0 robe
rPois    .         Reflect  .   c - +0 hat
rElec    .         Harm     .   (no cloak)
rCorr    .         Rampage  .   (gloves unavailable)
Will     .....                  (boots unavailable)
Stlth    +.........             (no amulet)
HPRegen  0.05/turn              (no ring)
MPRegen  0.09/turn              (no ring)

@: no status effects
A: large, unfitting armour, tough skin 1
a: no special abilities


You were on level 1 of the Dungeon.
You visited 1 branch of the dungeon, and saw 1 of its levels.

Inventory:

Hand Weapons
 a - a +0 dagger (weapon)
Armour
 b - a +0 robe (worn)
 c - a +0 hat (worn)


   Skills:
 + Level 0.3 Short Blades
 + Level 1.7 Dodging
 + Level 1.4 Stealth
 + Level 3.7 Spellcasting
 + Level 0.8 Conjurations
 + Level 0.8 Summonings
 + Level 0.8 Translocations


You had 6 spell levels left.
You knew the following spells:

 Your Spells              Type           Power      Damage    Failure   Level
a - Magic Dart            Conj           20%        1d4       13%         1

Your spell library contained the following spells:

 Spells                   Type           Power      Damage    Failure   Level
 Blink                    Tloc           N/A        N/A       21%         2
 Call Imp                 Summ           5%         N/A       21%         2
 Slow                     Hex            2%         N/A       28%         2
 Conjure Flame            Conj/Fire      4%         6-21      43%         3
 Mephitic Cloud           Conj/Pois/Air  3%         N/A       45%         3


Dungeon Overview and Level Annotations

Branches:
Dungeon (1/15)

Altars:


Innate Abilities, Weirdness & Mutations

You are too large for most types of armour.
You have tough skin. (AC +1)


Message History

You see here a hobgoblin corpse.
The bat barely misses you. The bat hits you but does no damage.
The bat completely misses you. The bat hits you but does no damage.
You barely miss the bat. The bat hits you but does no damage. x2
The ball python hisses angrily.
The bat barely misses you. The bat barely misses you.
You barely miss the bat. The bat barely misses you.
The ball python barely misses you. The bat barely misses you.
The ball python misses you. The dart slug closely misses you.
You closely miss the ball python. The bat closely misses you.
The ball python bites you.
The dart slug bites you but does no damage.
The ball python bites you but does no damage.
You hit the ball python.
The ball python is moderately wounded.
The bat barely misses you. The ball python barely misses you.
You barely miss the ball python.
The ball python is moderately wounded.
The bat barely misses you. x2; The dart slug barely misses you.
The ball python closely misses you.
You hit the dart slug but do no damage. The bat hits you. x2
The ball python bites you. The dart slug closely misses you.
You hit the dart slug but do no damage. The bat hits you but does no damage.
The ball python bites you but does no damage.
You hit the dart slug.
The dart slug is lightly wounded.
The bat closely misses you. The ball python bites you. The dart slug bites you.
* * * LOW HITPOINT WARNING * * *
You barely miss the ball python.
The ball python is moderately wounded.
The bat hits you.
* * * LOW HITPOINT WARNING * * *
The ball python bites you.
* * * LOW HITPOINT WARNING * * *
The dart slug bites you.
You die...

..........
#$........
##........ #
.=.......
#.#......?.
#>#.##..#.#
#.#.....#.#
#....w@S#.# #
#......b#.#####..#
##.......†........
#.#........###..
#.###.###.##
#.###.#####
#.......#
#######.######
#......#


You could see a dart slug, a bat and a ball python.

Vanquished Creatures
  A goblin (D:1)
  A hobgoblin (D:1)
2 creatures vanquished.

Notes
Turn   | Place    | Note
-------+----------+-------------------------------------------
     0 | D:1      | ephall00 the Ogre Hedge Wizard began the quest for the Orb.
     0 | D:1      | Reached XP level 1. HP: 16/16 MP: 5/5
   140 | D:1      | Slain by a dart slug

Illustrated notes

Levels and vault maps discovered:
D:1:      nicolae_arrival_washed_ashore, layout_loops_cross

Action                   || total
-------------------------++-------
Melee: Dagger            ||    21
 Cast: Magic Dart        ||     1
Armor: Robe              ||    15
Dodge: Dodged            ||    34
